 Dungeon Crawl Stone Soup version 0.25-a0-253-g6f1b5d974a (webtiles) character file.

Game seed: 16718937994099656206, levelgen mode: classic

352 Borgoz the Covered (level 6, -2/40 HPs)
             Began as a Gargoyle Fighter on Dec 5, 2019.
             Slain by a wyvern (8 damage)
             ... on level 4 of the Dungeon.
             The game lasted 00:05:07 (3222 turns).

Borgoz the Covered (Gargoyle Fighter)               Turns: 3222, Time: 00:05:07

Health: -2/40      AC: 10    Str: 21    XL:     6   Next: 61%
Magic:  6/6        EV:  8    Int:  9    God:
Gold:   201        SH:  9    Dex:  9    Spells: 5/5 levels left

rFire    . . .     SeeInvis .   a - +0 flail
rCold    . . .     Gourm    .   c - +0 shield
rNeg     + . .     Faith    .   o - +0 ring mail (curse)
rPois    ∞         Spirit   .   (no helmet)
rElec    +         Reflect  .   (no cloak)
rCorr    .         Harm     .   (no gloves)
MR       .....                  (no boots)
Stlth    ..........             (no amulet)
HPRegen  0.13/turn              (no ring)
MPRegen  0.10/turn              (no ring)

@: no status effects
A: negative energy resistance 1, electricity resistance, unbreathing,
petrification resistance, rot immunity, AC +4
a: no special abilities


You were on level 4 of the Dungeon.
You were not hungry.

You visited 1 branch of the dungeon, and saw 4 of its levels.

You collected 201 gold pieces.

Inventory:

Hand Weapons
 a - a +0 flail (weapon)
Armour
 c - a +0 shield (worn)
 o - a cursed +0 ring mail (worn)
Scrolls
 b - 2 scrolls of teleportation {unknown}
 e - a scroll of fog {unknown}
 h - 3 scrolls of magic mapping {unknown}
 i - 5 scrolls of identify {unknown}
 j - 2 scrolls of amnesia {unknown}
 k - a scroll of remove curse {unknown}
 l - a scroll of blinking {unknown}
 m - a scroll of random uselessness {unknown}
Potions
 d - 3 potions of might
 g - a potion of curing {unknown}
 n - 2 potions of flight {unknown}
 p - 2 potions of ambrosia {unknown}
 q - a potion of agility {unknown}
Comestibles
 f - 8 rations
 r - 3 chunks of flesh


   Skills:
 + Level 5.2 Fighting
 + Level 4.2 Maces & Flails
 + Level 5.3 Armour
 - Level 3.2 Shields


You had 5 spell levels left.
You didn't know any spells.
Your spell library was empty.

Dungeon Overview and Level Annotations

Branches:
Dungeon (4/15)
 Temple: D:4-7

Altars:
Elyvilon
Uskayaw
Vehumet

Shops:
D:4 (


Innate Abilities, Weirdness & Mutations

You are resistant to torment.
Your stone body is resilient. (AC +4)
You are immune to poison.
You resist negative energy. (rN+)
You are resistant to electric shocks. (rElec)
You can survive without breathing.
You are immune to petrification.
You are immune to rotting.


Message History

a +0 whip; an orc skeleton
Items here: )) [[ a +0 dagger; a +0 leather armour; a +0 dagger; a +0 robe There isn't anything to butcher here.
You see here a +0 hand axe.
There isn't anything to butcher here.
You start resting.
HP restored.
You see here 25 bolts.
A wyvern comes into view.
A wyvern is nearby!
You closely miss the wyvern. The wyvern bites you! x2
You are too injured to fight recklessly!
You are too injured to fight recklessly!
You are too injured to fight recklessly!
You are too injured to fight recklessly!
You closely miss the wyvern. The wyvern bites you!
* * * LOW HITPOINT WARNING * * *
The wyvern bites you!
You die...

##..# ####.(## ..
....#..# #.# .......##
#..# ........## #..#
.........### #..#
.....).)...## ..#
##..#)..)...## ##l.#
######......###@.#
##.........##
##.......## ##.......##
##.......# #.........#
######..........##
#..............#..##
##.............###.^.###


You could see a wyvern.

Vanquished Creatures
  A bullfrog (D:3)
  An orc priest (D:4)
  2 orc wizards (D:4)
  An iguana (D:4)
  9 adders
  An adder skeleton (D:4)
  4 worms
  3 dart slugs
  3 leopard geckos (D:2)
  4 orcs
  2 ball pythons
  A giant cockroach (D:2)
  7 goblins
  6 hobgoblins
  8 kobolds
  3 quokkas
  12 bats
  4 frilled lizards
  A jackal skeleton (D:4)
  4 rats
77 creatures vanquished.

Notes
Turn   | Place    | Note
-------+----------+-------------------------------------------
     0 | D:1      | Borgoz the Gargoyle Fighter began the quest for the Orb.
     0 | D:1      | Reached XP level 1. HP: 14/14 MP: 1/1
   110 | D:1      | Reached XP level 2. HP: 18/19 MP: 2/2
   759 | D:2      | Reached XP level 3. HP: 22/24 MP: 3/3
  1141 | D:2      | Reached XP level 4. HP: 29/29 MP: 4/4
  1763 | D:3      | Noticed a bullfrog
  1777 | D:3      | Killed a bullfrog
  1777 | D:3      | Reached XP level 5. HP: 21/34 MP: 5/5
  2092 | D:3      | Found a hide-covered altar of Uskayaw.
  2116 | D:3      | Found a radiant altar of Vehumet.
  2473 | D:3      | Found a white marble altar of Elyvilon.
  2719 | D:4      | Reached skill level 5 in Armour
  2719 | D:4      | Reached XP level 6. HP: 34/40 MP: 6/6
  2851 | D:4      | Found Lugaehiu's Weapon Boutique.
  2999 | D:4      | Reached skill level 5 in Fighting
  3218 | D:4      | Noticed a wyvern
  3222 | D:4      | Slain by a wyvern

Levels and vault maps discovered:
D:1:      dpeg_arrival_orchard, layout_basic, minmay_misc_feat_rugged
D:2:      layout_loops_ring, minmay_door_square, kennysheep_generic_room_7
D:3:      layout_basic, overflow_temple_1_default,
          eat_drink_and_be_merry_uskayaw, elyvilon_altar_1
D:4:      layout_cave_pods, lemuel_round_altar, minmay_temple_entry_hall,
          serial_shops, nicolae_shop_stone

Skill      XL: |  1  2  3  4  5  6 |
---------------+-------------------+-----
Fighting       | 4 5 |  5.2
Armour         | 4 5 |  5.3
Maces & Flails | 3 4 |  4.2
Shields        | |  3.2

Action                   |  1- 3 |  4- 6 || total
-------------------------+-------+-------++-------
Melee: Flail             |   134 |   248 ||   382
  Eat: Chunk             |     1 |     4 ||     5
       Ration            |       |     1 ||     1
Armor: Scale mail        |    88 |       ||    88
       Ring mail         |     1 |   137 ||   138
Dodge: Dodged            |    56 |   105 ||   161
Block: Shield            |    77 |   152 ||   229

Table legend:
 A = Non-vault XP
 B = Vault XP
 C = Vault XP percentage of total XP
 D = Non-vault monster count
 E = Vault monster count
 F = Vault count percentage of total count
                 A         B        C        D         E       F
            +---------+---------+-------+---------+---------+-------
      Total |     500 |       3 |   0.6 |      76 |       1 |   1.3
            +---------+---------+-------+---------+---------+-------
        D:1 |      23 |       0 |   0.0 |      16 |       0 |   0.0
        D:2 |      67 |       3 |   4.3 |      20 |       1 |   4.8
        D:3 |     209 |       0 |   0.0 |      28 |       0 |   0.0
        D:4 |     201 |       0 |   0.0 |      12 |       0 |   0.0
            +---------+---------+-------+---------+---------+-------
